[Event "Late-Titled-Tuesday-Blitz-May-14-2024"]
[Site "Chess.com"]
[Date "2024.05.14"]
[Round "4"]
[White "Puzzlebot_1294"]
[Black "Rdeux42"]
[Result "1-0"]
[WhiteElo "2645"]
[BlackElo "2402"]
[TimeControl "180+1"]
[EndTime "14:37:18 PDT"]
[Termination "Puzzlebot_1294 won by resignation"]

1. d4 g6 2. e4 Bg7 3. Nc3 d6 4. Nf3 Nd7 5. Bc4 a6 6. a4 b6 7. Be3 e6 8. h4 h6 9. h5 g5 10.
Qd2 Bb7 11. Ng1 Ngf6 12. f3 Qe7 13. Nge2 c5 14. d5 Ne5 15. Ba2 Rb8 16. Rd1 Rd8 17. f4 Neg4 18. fxg5 hxg5 19. Bxg5 exd5 20. Bxd5 Bxd5 21.
exd5 Qd7 22. h6 Bf8 23. Qf4 Be7 24. Ng3 b5 25. axb5 axb5 26. Nf5 Bf8 27. O-O Qa7 28.
Ng7+ Kd7 29. Bxf6 Rxh6 30. Bxd8 c4+ 31. Qd4 Qxd4+ 32. Rxd4 Ne3 33. Rxf7+ Kxd8 34. Ne6+ 1-0

[Event "Late-Titled-Tuesday-Blitz-May-14-2024"]
[Site "Chess.com"]
[Date "2024.05.14"]
[Round "4"]
[White "HowTo2Draw"]
[Black "Hikaru"]
[Result "0-1"]
[WhiteElo "2569"]
[BlackElo "3220"]
[TimeControl "180+1"]
[EndTime "14:37:33 PDT"]
[Termination "Hikaru won by checkmate"]

1. c4 g6 2. Nf3 Bg7 3. g3 d6 4. d4 Bd7 5. Bg2 Nc6 6. O-O Qc8 7. d5 Ne5 8. Nxe5 Bxe5 9. Nc3 Bh3 10. Be3 h5 11. Bd4 h4 12. Bxe5 dxe5 13. Qd3 hxg3 14. Qxg3 Nf6 15. Qxe5 Bxg2 16. Kxg2 Rh4 17. f3 Qh3+ 18. Kg1 Nh5 19. e3 f6 20. Qxc7 Rc8 21. Qxc8+ Qxc8 22. b3 g5 23. d6 Qh3 24. Rf2 g4 25. Ne4 gxf3 26. d7+ Kd8 27. Nc5 Rg4+ 28.
Kh1 Ng3+ 29. Kg1 Ne4+ 30. Kh1 Nxf2# 0-1

[Event "Late-Titled-Tuesday-Blitz-May-14-2024"]
[Site "Chess.com"]
[Date "2024.05.14"]
[Round "4"]
[White "Nouali_Mohamed"]
[Black "FairChess_on_YouTube"]
[Result "0-1"]
[WhiteElo "2619"]
[BlackElo "3069"]
[TimeControl "180+1"]
[EndTime "14:37:34 PDT"]
[Termination "FairChess_on_YouTube won by resignation"]

1. e4 c5 2. Nf3 e6 3. d4 cxd4 4. Nxd4 Nc6 5. Nc3 a6 6. Nxc6 bxc6 7. e5 Qc7 8. f4 d5 9. exd6 Bxd6 10. g3 Nf6 11. Bg2 O-O 12. O-O Bb7 13. Qe2 c5 14. b3 Bxg2 15. Qxg2 c4 16. Bb2 Rac8 17. f5 Be5 18. Rac1 exf5 19. Rxf5 Rfe8 20. Kh1 Qd7 21. Rff1 h5 22. b4 Rb8 23. a3 a5 24. b5 Bxc3 25.
Bxc3 Ne4 26. Bxa5 Rxb5 27. Bb4 Rf5 28. Rxf5 Qxf5 29. Rf1 Qd5 30. c3 Re6 31. a4 h4 32.
Qf3 Rf6 33. Rd1 Nf2+ 0-1

[Event "Late-Titled-Tuesday-Blitz-May-14-2024"]
[Site "Chess.com"]
[Date "2024.05.14"]
[Round "4"]
[White "xasid81"]
[Black "Josetricks"]
[Result "1-0"]
[WhiteElo "2633"]
[BlackElo "2439"]
[TimeControl "180+1"]
[EndTime "14:37:34 PDT"]
[Termination "xasid81 won by resignation"]

1. Nf3 g6 2. e4 Bg7 3. d4 c6 4. Nc3 d5 5. h3 dxe4 6. Nxe4 Nf6 7. Nxf6+ exf6 8. c3 O-O 9. Be2 a5 10. O-O Na6 11. Re1 Nc7 12. Bd2 b5 13. Qc1 Nd5 14. Bh6 a4 15. Bxg7 Kxg7 16. a3 Qd6 17. c4 bxc4 18. Bxc4 Bf5 19. Bxd5 Qxd5 20. Qc5 Rab8 21.
Qxd5 cxd5 22. Re2 Bd3 23. Rd2 Be4 24. Ne1 Rfc8 25. f3 Bf5 26. g4 Be6 27. Nd3 Rb3 28.
Kf2 h5 29. Nc5 Rb5 30. Nxa4 hxg4 31. hxg4 Rcb8 32. Ra2 f5 33. g5 f4 34. b4 Bf5 35.
Nc3 R5b6 36. Nxd5 Rd6 37. Nxf4 Rbd8 38. d5 Ra8 39. a4 Rb6 40. b5 Bd7 41. Ke3 Rb7 42.
Kd4 Rba7 43. Kc5 Rxa4 44. Rxa4 Rxa4 45. Nd3 Ra3 46. b6 Rb3 47. Nb4 Bc8 48. Rd3 Rb1 49. d6 Rc1+ 50. Kb5 Bd7+ 51. Ka6 Ra1+ 52. Kb7 Rb1 53.
Rd4 Rc1 54. Ka7 Ra1+ 55. Kb8 Ra6 56. Nxa6 1-0

[Event "Late-Titled-Tuesday-Blitz-May-14-2024"]
[Site "Chess.com"]
[Date "2024.05.14"]
[Round "4"]
[White "penguingm1"]
[Black "Polish_fighter3000"]
[Result "1/2-1/2"]
[WhiteElo "2857"]
[BlackElo "3102"]
[TimeControl "180+1"]
[EndTime "14:37:39 PDT"]
[Termination "Game drawn by repetition"]

1. d4 d5 2. Nf3 Nf6 3. Bf4 c5 4.
e3 Nc6 5. Nbd2 Qb6 6. dxc5 Qxb2 7. Rb1 Qc3 8. Bb5 g6 9. e4 dxe4 10. Be5 Qa5 11. O-O exf3 12. Qxf3 Qxb5 13. Bxf6 Qxf1+ 14. Kxf1 exf6 15. Qxf6 Rg8 16. Ne4 Be7 17. Nd6+ Bxd6 18. cxd6 Rb8 19. Re1+ Be6 20. Rxe6+ fxe6 21. Qxe6+ Kf8 22.
Qf6+ Ke8 23. Qe6+ Kf8 24. Qf6+ Ke8 25. Qe6+ 1/2-1/2

[Event "Late-Titled-Tuesday-Blitz-May-14-2024"]
[Site "Chess.com"]
[Date "2024.05.14"]
[Round "4"]
[White "DIMONBANAN"]
[Black "Rsnr"]
[Result "0-1"]
[WhiteElo "2621"]
[BlackElo "2902"]
[TimeControl "180+1"]
[EndTime "14:37:42 PDT"]
[Termination "Rsnr won by resignation"]

1. e4 c6 2. d4 d5 3. exd5 cxd5 4.
Bd3 Nc6 5. c3 Qc7 6. h3 Nf6 7. Nf3 g6 8. O-O Bf5 9. Be2 Bg7 10. Re1 h6 11. Be3 Ne4 12. Nbd2 g5 13. Qb3 e6 14. Nxe4 Bxe4 15. Nd2 Bg6 16. c4 dxc4 17.
Nxc4 O-O 18. Rad1 Rad8 19. Bf3 Nxd4 20. Bxd4 Bxd4 21. Bxb7 Qc5 22. Ne3 Rb8 23. Rc1 Qe7 24. Ng4 Rxb7 25. Qf3 Bg7 26. b3 Rb4 27. Rc6 Rf4 28.
Qe3 h5 29. Ne5 Bxe5 30. Qxe5 Qf6 31. Qe3 Re4 32. Qd2 Rxe1+ 33. Qxe1 Rd8 34. Qa5 Rd1+ 0-1

[Event "Late-Titled-Tuesday-Blitz-May-14-2024"]
[Site "Chess.com"]
[Date "2024.05.14"]
[Round "4"]
[White "ccccvhhhj"]
[Black "VictorFcQNK"]
[Result "1-0"]
[WhiteElo "2465"]
[BlackElo "2127"]
[TimeControl "180+1"]
[EndTime "14:37:47 PDT"]
[Termination "ccccvhhhj won by resignation"]

1. e4 e6 2. Nf3 d5 3. e5 c5 4.
b4 cxb4 5. a3 bxa3 6. Nxa3 Nc6 7.
c3 Nge7 8. d4 Nf5 9. Bd3 Be7 10.
O-O O-O 11. Nc2 a6 12. Ne3 g6 13. Nxf5 exf5 14. Bh6 Re8 15. Qd2 Be6 16. Bg5 Bxg5 17. Nxg5 Rc8 18. f4 f6 19. Nf3 fxe5 20. fxe5 Qe7 21. Kh1 Na7 22. Rfb1 Rc7 23. Rb6 Rc6 24. Rab1 Bc8 25. h3 Qc7 26. R6b3 Nb5 27. Bxb5 axb5 28. Rxb5 Rxc3 29. Rxd5 Rc2 30. Qh6 Bd7 31. Rd6 Bc6 32. d5 Bb5 33. Rxb5 Rc1+ 34. Kh2 Rc2 35. Rbb6 Rxe5 36.
Rxg6+ hxg6 37. Rxg6+ Kf7 38. Rg7+ 1-0

[Event "Late-Titled-Tuesday-Blitz-May-14-2024"]
[Site "Chess.com"]
[Date "2024.05.14"]
[Round "4"]
[White "Rud_Makarian"]
[Black "TanitoluwaAps116"]
[Result "1-0"]
[WhiteElo "2956"]
[BlackElo "2744"]
[TimeControl "180+1"]
[EndTime "14:37:50 PDT"]
[Termination "Rud_Makarian won by resignation"]

1. c4 e5 2. Nc3 Nf6 3. Nf3 Nc6 4. e3 d5 5. cxd5 Nxd5 6. Bb5 Nxc3 7. bxc3 Bd7 8. d4 Bd6 9. O-O Qe7 10. Bb2 O-O 11. Be2 Rad8 12. Re1 Kh8 13. a4 b6 14. Nd2 Na5 15. Bf1 Bc6 16. Qc2 f5 17. c4 exd4 18. exd4 Qh4 19. g3 Qh6 20. d5 Bd7 21. Nf3 f4 22. Ne5 fxg3 23. hxg3 Bc5 24. Re2 Rde8 25. Rae1 Kg8 26. Nxd7 Rxf2 27. Rxf2 Rxe1 28.
Nxc5 bxc5 29. Qf5 Rxf1+ 1-0

[Event "Late-Titled-Tuesday-Blitz-May-14-2024"]
[Site "Chess.com"]
[Date "2024.05.14"]
[Round "4"]
[White "BrandonJiang123456"]
[Black "Cherepov_Alexej"]
[Result "0-1"]
[WhiteElo "2193"]
[BlackElo "2402"]
[TimeControl "180+1"]
[EndTime "14:37:50 PDT"]
[Termination "Cherepov_Alexej won on time"]

1. c4 Nf6 2. Nf3 c5 3. d3 Nc6 4. Bg5 e6 5. Nc3 Be7 6. e4 h6 7. Bxf6 Bxf6 8. Qd2 a6 9. Be2 b5 10. O-O b4 11. Nd1 d5 12. exd5 exd5 13. cxd5 Qxd5 14. Ne3 Qe6 15. d4 cxd4 16. h3 dxe3 17. fxe3 O-O 18.
b3 Bb7 19. g3 Qxh3 20. a3 Rad8 21. Bd3 Qxg3+ 22. Kh1 Ne5 23. Rf2 Nxf3 0-1

[Event "Late-Titled-Tuesday-Blitz-May-14-2024"]
[Site "Chess.com"]
[Date "2024.05.14"]
[Round "4"]
[White "Roberz12"]
[Black "MatthewG-p4p"]
[Result "0-1"]
[WhiteElo "2572"]
[BlackElo "2836"]
[TimeControl "180+1"]
[EndTime "14:37:51 PDT"]
[Termination "MatthewG-p4p won by resignation"]

1. b3 c5 2. Bb2 d6 3. g3 e5 4. e3 g6 5. Bg2 Bg7 6. Ne2 Nc6 7. O-O Nge7 8. a4 O-O 9. d3 Be6 10. Nd2 Qd7 11. f4 Nf5 12. Rf3 d5 13. e4 Nfd4 14.
Nxd4 exd4 15. Rf1 dxe4 16. Nxe4 b6 17. Qf3 Nb4 18. Rf2 Bg4 19. Nxc5 bxc5 20. Qxa8 Rxa8 21.
Bxa8 Qe6 22. Bg2 Qe3 23. Kf1 Nxc2 24. h3 Qxd3+ 25. Kg1 Nxa1 26. Bxa1 Be2 27. Bb2 Qb1+ 28. Bf1 Bxf1 0-1

[Event "Late-Titled-Tuesday-Blitz-May-14-2024"]
[Site "Chess.com"]
[Date "2024.05.14"]
[Round "4"]
[White "SujanaLohani"]
[Black "Mikayel99"]
[Result "0-1"]
[WhiteElo "2062"]
[BlackElo "2621"]
[TimeControl "180+1"]
[EndTime "14:37:53 PDT"]
[Termination "Mikayel99 won by resignation"]

1. e4 c6 2. d4 d5 3. exd5 cxd5 4. Bd3 Nf6 5. c3 Nc6 6. Bf4 Bg4 7. Qb3 Qc8 8. h3 Bh5 9. Nd2 e6 10. Ngf3 Be7 11.
O-O O-O 12. Ne5 a6 13. Bg5 Bg6 14. Nxg6 hxg6 15. Rfe1 b5 16. a4 b4 17. Nf3 bxc3 18. bxc3 Na5 19. Qc2 Nc4 20. Ne5 Nd6 21. Rab1 Qc7 22.
Rec1 Rfc8 23. Bf4 Qa5 24. Qb3 Nfe4 25. Qb7 Nxb7 26. Rxb7 Rc7 27. Rxc7 Qxc7 28. Nxg6 Qd7 29. Ne5 Qxa4 30. c4 Qa3 31. Rc2 Bf6 32. cxd5 Bxe5 33.
Bxe4 Bxf4 34. g3 Bd6 35. dxe6 Rf8 36. exf7+ Kxf7 37. Bd5+ Kg6 38. Re2 Qa1+ 39. Kg2 Qxd4 40. Re6+ Rf6 41. Be4+ Kf7 0-1

[Event "Late-Titled-Tuesday-Blitz-May-14-2024"]
[Site "Chess.com"]
[Date "2024.05.14"]
[Round "4"]
[White "Kira170"]
[Black "VacheH009"]
[Result "1-0"]
[WhiteElo "2759"]
[BlackElo "2545"]
[TimeControl "180+1"]
[EndTime "14:37:55 PDT"]
[Termination "Kira170 won by resignation"]

1. d4 Nf6 2. Nf3 e6 3. Bg5 d5 4. Nbd2 Be7 5. e3 h6 6. Bh4 O-O 7. Bd3 b6 8. Qe2 a5 9. Ne5 Ba6 10. f4 Bxd3 11. cxd3 Nfd7 12. Bxe7 Qxe7 13. h4 Nxe5 14. fxe5 f6 15. exf6 Rxf6 16. g4 c5 17.
g5 Rf5 18. gxh6 cxd4 19. exd4 Nc6 20. O-O-O Nxd4 21. Qg2 Kh8 22. Kb1 gxh6 23. Rc1 Rg8 24. Qh3 Qf6 25. Qe3 Rf2 26. Rhf1 Rgg2 27. Rxf2 Qxf2 28. Qxh6+ Kg8 29. Rc8+ Kf7 30. Rf8+ Ke7 31. Rxf2 Rxf2 32. Qg7+ 1-0

[Event "Late-Titled-Tuesday-Blitz-May-14-2024"]
[Site "Chess.com"]
[Date "2024.05.14"]
[Round "4"]
[White "yaguigor"]
[Black "SchmakAttack"]
[Result "1/2-1/2"]
[WhiteElo "2562"]
[BlackElo "2776"]
[TimeControl "180+1"]
[EndTime "14:37:58 PDT"]
[Termination "Game drawn by repetition"]

1. e4 e6 2. d4 d5 3. Nc3 Nf6 4. e5 Nfd7 5. f4 c5 6. Nf3 Nc6 7. Be3 cxd4 8. Nxd4 Qb6 9. Qd2 Qxb2 10. Rb1 Qa3 11. Bb5 Nxd4 12. Bxd4 a6 13. Bxd7+ Bxd7 14. Rb3 Qe7 15. Rxb7 Rc8 16. O-O Qd8 17. Qe3 Rc4 18.
Rfb1 Be7 19. R1b2 O-O 20. Ne2 Qc8 21. c3 Re8 22. h3 Bb5 23. Ra7 Bc5 24. Bxc5 Qxc5 25.
Qxc5 Rxc5 26. Nd4 Rxc3 27. Nxb5 axb5 28. Rxb5 g6 29. Rbb7 Rf8 30. Kf2 h5 31. h4 Kg7 32.
Re7 Rc4 33. Kg3 Rc3+ 34. Kh2 Rc4 35. Kg3 Rc3+ 36. Kh2 Rc4 37. Kg3 1/2-1/2

[Event "Late-Titled-Tuesday-Blitz-May-14-2024"]
[Site "Chess.com"]
[Date "2024.05.14"]
[Round "4"]
[White "Pingah9"]
[Black "Ramil_Faizrakhmanov"]
[Result "0-1"]
[WhiteElo "2543"]
[BlackElo "2863"]
[TimeControl "180+1"]
[EndTime "14:38:04 PDT"]
[Termination "Ramil_Faizrakhmanov won by resignation"]

1. e4 e5 2. Nf3 Nc6 3. Bb5 Nf6 4. O-O Nxe4 5. d4 Nd6 6. Bxc6 dxc6 7. dxe5 Nf5 8.
Qxd8+ Kxd8 9. Rd1+ Ke8 10. h3 h5 11. Nc3 Be7 12. a4 a5 13. Ng5 c5 14. Nge4 Nd4 15.
Nb5 Nxb5 16. axb5 Bf5 17. Re1 b6 18. Bf4 Kd7 19. Rad1+ Kc8 20. Rd2 Kb7 21. Nc3 Be6 22. Nd5 Rhe8 23. Nxe7 Rxe7 24. Re4 Bf5 25. Re3 Rd7 26. Rg3 g6 27. c4 Rxd2 28. Bxd2 Be6 29. Rc3 Rd8 30. Be3 Rd1+ 31. Kh2 Ra1 32. f4 Ra4 33. b3 Rb4 34. Bd2 a4 35. bxa4 Rxa4 36.
g4 hxg4 37. hxg4 Bxg4 38. Kg3 Be6 0-1

[Event "Late-Titled-Tuesday-Blitz-May-14-2024"]
[Site "Chess.com"]
[Date "2024.05.14"]
[Round "4"]
[White "dianamirza"]
[Black "cukricek"]
[Result "0-1"]
[WhiteElo "1961"]
[BlackElo "2448"]
[TimeControl "180+1"]
[EndTime "14:38:04 PDT"]
[Termination "cukricek won on time"]

1. d4 Nf6 2. Nf3 g6 3. c4 Bg7 4. Nc3 d5 5. cxd5 Nxd5 6. e4 Nxc3 7. bxc3 O-O 8. Bc4 c5 9. Be3 Nc6 10. O-O Bg4 11. e5 cxd4 12. cxd4 e6 13. Rb1 Rc8 14. Be2 b6 15. h3 Bxf3 16. Bxf3 Na5 17. Be4 Nc4 18. Qa4 Qe7 19. Rfc1 Nxe3 20. fxe3 Bh6 21. Qb3 Qh4 22. Bf3 Qg3 23. Rf1 Rc7 24. e4 Rfc8 25. Be2 Rc3 26. Qb5 Bf4 27. Rf3 Rxf3 28. Bxf3 Rc2 0-1

[Event "Late-Titled-Tuesday-Blitz-May-14-2024"]
[Site "Chess.com"]
[Date "2024.05.14"]
[Round "4"]
[White "Jospem"]
[Black "lamomiajunior"]
[Result "1-0"]
[WhiteElo "3026"]
[BlackElo "2786"]
[TimeControl "180+1"]
[EndTime "14:38:05 PDT"]
[Termination "Jospem won by checkmate"]

1. e4 c5 2. Nf3 d6 3. c3 Nf6 4. h3 Nc6 5. Bd3 e5 6. Bc2 d5 7. exd5 Qxd5 8. Qe2 Be7 9. d3 Bf5 10. Nbd2 O-O-O 11. Ne4 h6 12. a3 g5 13. b4 g4 14. hxg4 Bxg4 15. Rb1 cxb4 16. axb4 Kb8 17. b5 Na5 18. Ned2 Bd6 19. c4 Qe6 20. Bb2 b6 21. c5 Bxc5 22. Qxe5+ Rd6 23. O-O Rd8 24. Rfe1 Nd5 25. Qg3 Qg6 26. d4 Qxc2 27. dxc5 Bxf3 28. cxd6 Bh5 29. d7+ Kb7 30. Ne4 Nc4 31. Bg7 Rxd7 32.
Rbc1 Qa2 33. Qh3 Rc7 34. Rxc4 Rxc4 35. Nd6+ Kc7 36. Qc8+ Kxd6 37. Bf8+ Ne7 38. Bxe7+ Kd5 39. Qf5+ Kd4 40. Bf6# 1-0

[Event "Late-Titled-Tuesday-Blitz-May-14-2024"]
[Site "Chess.com"]
[Date "2024.05.14"]
[Round "4"]
[White "GlavkonVVS"]
[Black "Kozok"]
[Result "1-0"]
[WhiteElo "2631"]
[BlackElo "2388"]
[TimeControl "180+1"]
[EndTime "14:38:05 PDT"]
[Termination "GlavkonVVS won by resignation"]

1. c4 e6 2. d4 d5 3. Nc3 Nf6 4. Nf3 Bb4 5. Bg5 h6 6. Bh4 g5 7. Bg3 dxc4 8. e3 b5 9. Nd2 c6 10. h4 Rg8 11. hxg5 hxg5 12. a4 Bxc3 13. bxc3 Bb7 14. Rb1 a6 15. Nxc4 Ne4 16. Bh2 Qe7 17. Qc2 f5 18. f3 bxc4 19. fxe4 c5 20. Rxb7 Qxb7 21. exf5 Nc6 22. Bxc4 Rh8 23. fxe6 Na5 24. Qg6+ Kd8 25. Qf6+ 1-0

[Event "Late-Titled-Tuesday-Blitz-May-14-2024"]
[Site "Chess.com"]
[Date "2024.05.14"]
[Round "4"]
[White "KamilGrycel"]
[Black "grzechu96"]
[Result "0-1"]
[WhiteElo "2566"]
[BlackElo "2807"]
[TimeControl "180+1"]
[EndTime "14:38:07 PDT"]
[Termination "grzechu96 won by resignation"]

1. d4 d5 2. Bf4 c5 3. c3 Nc6 4. e3 Bf5 5. Qb3 Qd7 6. Nd2 e6 7. Ngf3 c4 8. Qd1 Nf6 9. Nh4 Be7 10. Nxf5 exf5 11. Be2 O-O 12. O-O b5 13. b3 Rfc8 14.
a4 b4 15. bxc4 bxc3 16. cxd5 Nxd5 17. Nc4 Nxf4 18. exf4 Nxd4 19. Ne5 Nxe2+ 20. Qxe2 Qd4 21. Rfe1 Bf8 22. Nxf7 Qc4 23. Ne5 Qxe2 24. Rxe2 c2 25. Rc1 Rab8 26. g3 Rb1 27. Nd3 Ba3 28. Ree1 Bxc1 29.
Rxc1 Rxc1+ 30. Nxc1 Rd8 0-1

[Event "Late-Titled-Tuesday-Blitz-May-14-2024"]
[Site "Chess.com"]
[Date "2024.05.14"]
[Round "4"]
[White "HanSchut"]
[Black "Evan_Attaker"]
[Result "0-1"]
[WhiteElo "2379"]
[BlackElo "2658"]
[TimeControl "180+1"]
[EndTime "14:38:07 PDT"]
[Termination "Evan_Attaker won by resignation"]

1. e4 d6 2. d4 g6 3. Nc3 Bg7 4. f4 Nf6 5. Nf3 O-O 6. Bd3 Na6 7. a3 c5 8. d5 Nc7 9. a4 a6 10. a5 Nb5 11. Bd2 Bd7 12. Qe2 Nd4 13. Nxd4 cxd4 14. Na4 Bxa4 15. Rxa4 Nd7 16. b4 b5 17. Ra1 Rc8 18. O-O Re8 19. Rae1 e6 20. dxe6 fxe6 21. Qf2 Rf8 22. Qg3 Qe7 23. f5 Ne5 24. Bg5 Bf6 25. Bxf6 Rxf6 26. fxe6 Rcf8 27. Qh3 Qxe6 28. Qxe6+ Rxe6 29.
Rxf8+ Kxf8 30. Rf1+ Kg7 31. h3 Rf6 32. Rxf6 Kxf6 33.
Kf2 Nc6 34. e5+ Kxe5 35. Kf3 Nxb4 36. Be4 d5 37. Bd3 0-1

[Event "Late-Titled-Tuesday-Blitz-May-14-2024"]
[Site "Chess.com"]
[Date "2024.05.14"]
[Round "4"]
[White "LuckIsMySkill"]
[Black "AccioChess"]
[Result "0-1"]
[WhiteElo "2686"]
[BlackElo "2477"]
[TimeControl "180+1"]
[EndTime "14:38:09 PDT"]
[Termination "AccioChess won on time"]

1. Nf3 Nf6 2. g3 g6 3. Bg2 Bg7 4. O-O O-O 5. d4 d5 6. b3 c5 7. Bb2 Ne4 8. Nbd2 Nc6 9. e3 cxd4 10. Nxd4 Nxd2 11. Qxd2 Nxd4 12. Bxd4 Bxd4 13. Qxd4 Be6 14. Rfd1 Qc7 15. Rac1 Rfd8 16. h4 f6 17. h5 gxh5 18. Bf3 Bf7 19. Qh4 Qe5 20. Kg2 Rac8 21. c4 dxc4 22.
Rxd8+ Rxd8 23. bxc4 Rd2 24. g4 hxg4 25. Qxg4+ Bg6 26.
Re1 Kg7 27. Bxb7 Qb2 28. Bd5 Rxf2+ 29. Kg1 Rf5 30. Rf1 Rg5 0-1

[Event "Late-Titled-Tuesday-Blitz-May-14-2024"]
[Site "Chess.com"]
[Date "2024.05.14"]
[Round "4"]
[White "jup1978"]
[Black "CarlosjPineror"]
[Result "0-1"]
[WhiteElo "2486"]
[BlackElo "2739"]
[TimeControl "180+1"]
[EndTime "14:38:10 PDT"]
[Termination "CarlosjPineror won by resignation"]

1. d4 Nf6 2. Nf3 d6 3. c4 g6 4. Nc3 Bf5 5. Nh4 Bd7 6. Qb3 b6 7. g3 Nc6 8. Qd1 Bg7 9. Bg2 O-O 10. O-O Rb8 11. e4 e5 12. d5 Nd4 13. Ne2 Nxe2+ 14. Qxe2 Nh5 15. Nf3 Qe8 16. Be3 f5 17. Ng5 h6 18. Ne6 Bxe6 19. dxe6 f4 20. Bd2 Qxe6 21. g4 Nf6 22. f3 h5 23. h3 hxg4 24. hxg4 Nh7 25.
Kf2 Ng5 26. Rh1 b5 27. cxb5 d5 28. exd5 Qb6+ 29. Kf1 e4 30. Qc4 Qxb5 31. Qxb5 Rxb5 32. fxe4 Rxb2 33. Rd1 f3 34. Bxg5 fxg2+ 35. Kg1 gxh1=Q+ 36. Kxh1 Rff2 0-1

[Event "Late-Titled-Tuesday-Blitz-May-14-2024"]
[Site "Chess.com"]
[Date "2024.05.14"]
[Round "4"]
[White "Eliwood44"]
[Black "Cipy77"]
[Result "0-1"]
[WhiteElo "2447"]
[BlackElo "2640"]
[TimeControl "180+1"]
[EndTime "14:38:13 PDT"]
[Termination "Cipy77 won by resignation"]

1. d4 Nf6 2. c4 c5 3. d5 e6 4. Nc3 exd5 5. cxd5 g6 6. Nf3 Bg7 7.
h3 O-O 8. Bf4 d6 9. e3 a6 10. a4 Re8 11. Be2 Ne4 12. Nxe4 Rxe4 13. Nd2 Re8 14. O-O Bxb2 15. Nc4 Bxa1 16. Qxa1 Nd7 17.
Nxd6 Re7 18. Nc4 f6 19. d6 Rf7 20. Bf3 Nf8 21. a5 Be6 22. Nb6 Rb8 23. Rd1 Nd7 24.
Qb2 Nxb6 25. axb6 Qd7 26. Rc1 Rc8 27. Qa3 Qb5 28. e4 c4 29. Be3 Qb3 30. Qa5 Rd7 31. e5 Qb5 32. Qxb5 axb5 33. exf6 b4 34. Ra1 c3 35.
Ra7 b3 36. Bc1 b2 0-1

[Event "Late-Titled-Tuesday-Blitz-May-14-2024"]
[Site "Chess.com"]
[Date "2024.05.14"]
[Round "4"]
[White "temus_galaktionov"]
[Black "ATM622"]
[Result "1-0"]
[WhiteElo "2852"]
[BlackElo "2542"]
[TimeControl "180+1"]
[EndTime "14:38:14 PDT"]
[Termination "temus_galaktionov won by resignation"]

1. d4 d5 2. c4 e6 3. Nf3 Nf6 4.
Nc3 Be7 5. Bf4 O-O 6. e3 dxc4 7. Bxc4 Nbd7 8. O-O c5 9. dxc5 Bxc5 10. Nb5 Nb6 11. Be2 Bd7 12. Nd6 Bc6 13. Rc1 Bxd6 14. Bxd6 Re8 15. b3 Ne4 16. Ba3 Qxd1 17. Rfxd1 Red8 18. Nd4 Bd7 19. f3 Nf6 20. e4 e5 21. Nb5 Bxb5 22.
Bxb5 a6 23. Be2 Rdc8 24. Bd6 Nbd7 25. Kf2 h6 26. Ke3 Ne8 27. Ba3 Nef6 28. g3 b5 29. Bd6 Ne8 30. Be7 Nef6 31. a4 bxa4 32. bxa4 Re8 33. Bd6 a5 34. Bb5 Rec8 35. Kd2 g5 36.
Rxc8+ Rxc8 37. Rc1 Rxc1 38. Kxc1 g4 39. fxg4 Nxe4 40.
Bc7 Ndc5 41. Kc2 Nf2 42. Bb6 Nfe4 43. Bxa5 Kg7 44. Bb6 Nxa4 45. Bxa4 Kg6 46. Bd7 Nd6 47. Kd3 f5 48. gxf5+ Nxf5 49. Bxf5+ Kxf5 50. h3 h5 51. Bd8 1-0

[Event "Late-Titled-Tuesday-Blitz-May-14-2024"]
[Site "Chess.com"]
[Date "2024.05.14"]
[Round "4"]
[White "Klendi"]
[Black "The_Machine04"]
[Result "0-1"]
[WhiteElo "2408"]
[BlackElo "2659"]
[TimeControl "180+1"]
[EndTime "14:38:14 PDT"]
[Termination "The_Machine04 won on time"]

1. e4 d6 2. d4 Nf6 3. Nc3 e5 4.
Nf3 Nbd7 5. g4 d5 6. dxe5 Nxe4 7. Qxd5 Nxc3 8. bxc3 c6 9. Qe4 Nc5 10. Qe3 Bxg4 11.
Rg1 Bxf3 12. Qxf3 Qc7 13. Bf4 Ne6 14. Bg3 O-O-O 15. Bd3 h5 16. h4 Bc5 17. Kf1 g5 18.
hxg5 Nxg5 19. Qf5+ Ne6 20. Rh1 Kb8 21. Rxh5 Ng7 22.
Rxh8 Nxf5 23. Rxd8+ Qxd8 24. Bxf5 Ka8 25. Ke2 Qa5 26. Rh1 a6 27. Rh7 Qxa2 28. Bd3 a5 29. c4 a4 30. Rxf7 a3 31. e6 Qb2 32. e7 Bxe7 33.
Rxe7 a2 34. Bc7 a1=Q 35. c5 Qh8 36. Bb6 Qae5+ 37. Rxe5 Qxe5+ 38. Kd2 Qf4+ 39. Ke2 Kb8 40. Kf1 Kc8 41. Ke2 Kd7 0-1

[Event "Late-Titled-Tuesday-Blitz-May-14-2024"]
[Site "Chess.com"]
[Date "2024.05.14"]
[Round "4"]
[White "Brown_Mamba24"]
[Black "Indefatigable11"]
[Result "1-0"]
[WhiteElo "2609"]
[BlackElo "2386"]
[TimeControl "180+1"]
[EndTime "14:38:16 PDT"]
[Termination "Brown_Mamba24 won by resignation"]

1. Nc3 e5 2. f3 d5 3. d4 exd4 4.
Qxd4 Nf6 5. Bg5 Be7 6. O-O-O Nc6 7. Qa4 Be6 8. e4 d4 9. Bb5 O-O 10. Bxc6 bxc6 11. Rxd4 Qc8 12. Qxc6 Rb8 13. Nge2 Rb6 14.
Qa4 Qb7 15. b3 Ra6 16. Qb5 Rb6 17. Qd3 a5 18. Nf4 c5 19. Nxe6 cxd4 20. Nxd4 Rd8 21. Rd1 Ba3+ 22. Kb1 Bc5 23. Bxf6 Rxf6 24. Nd5 Rfd6 25.
Nf5 R6d7 26. Qc3 Bf8 27. Qxa5 Qc6 28. Nde7+ Bxe7 29. Nxe7+ Rxe7 30. Rxd8+ Re8 31. Qb6 Qa8 32. Rxa8 1-0

[Event "Late-Titled-Tuesday-Blitz-May-14-2024"]
[Site "Chess.com"]
[Date "2024.05.14"]
[Round "4"]
[White "becemix"]
[Black "DrVelja"]
[Result "0-1"]
[WhiteElo "2598"]
[BlackElo "2902"]
[TimeControl "180+1"]
[EndTime "14:38:17 PDT"]
[Termination "DrVelja won on time"]

1. e4 c5 2. c3 d5 3. exd5 Nf6 4. d4 cxd4 5. cxd4 Nxd5 6. Nc3 Nc6 7. Nf3 Bg4 8. Be2 e6 9. O-O Be7 10. h3 Bf5 11. Qb3 O-O 12. Nxd5 exd5 13. Be3 Qd7 14. Ne5 Nxe5 15. dxe5 d4 16. Rfd1 Bc5 17. Rac1 Rac8 18.
Rxc5 Rxc5 19. Bxd4 Rd5 20. Bxa7 Rxd1+ 21. Qxd1 Qxd1+ 22. Bxd1 Ra8 23. Bd4 Rxa2 24. Bf3 Ra4 25. Bc3 b5 26.
Bc6 Ra1+ 27. Kh2 Bd3 28. Bd5 Bc4 29. b3 Rc1 30. bxc4 Rxc3 31. cxb5 Rc5 32. Bc6 Rxe5 33. b6 Re2 34. b7 Rb2 35. Kg3 Kf8 36. h4 Ke7 37. Bf3 Rb4 38. Kh3 f5 39. g3 g6 40. Kg2 Kd6 41. Kh3 h6 42. Kg2 g5 43.
hxg5 hxg5 44. g4 fxg4 45. Bxg4 Rxg4+ 0-1

[Event "Late-Titled-Tuesday-Blitz-May-14-2024"]
[Site "Chess.com"]
[Date "2024.05.14"]
[Round "4"]
[White "merinasian"]
[Black "1800_strength"]
[Result "0-1"]
[WhiteElo "2523"]
[BlackElo "2765"]
[TimeControl "180+1"]
[EndTime "14:38:17 PDT"]
[Termination "1800_strength won by resignation"]

1. d4 a5 2. Nf3 Ra6 3. e4 g6 4. Bxa6 Nxa6 5. O-O Bg7 6. Nc3 b6 7. Bg5 Bb7 8. Re1 h6 9. Bf4 e6 10. Qd2 Ne7 11. Rad1 d6 12. d5 e5 13. Be3 f5 14.
exf5 gxf5 15. Qe2 O-O 16. Bc1 Nb4 17. a3 Nbxd5 18. Nxd5 Bxd5 19. Rxd5 Nxd5 20. Qc4 Qa8 21. Rd1 c6 22. Qh4 Rf6 23. c4 Nc7 24. Qg3 Qe8 25. Nh4 Qh5 26. Nf3 Rg6 27. Qh4 Qxh4 28. Nxh4 Rf6 29.
Nf3 Kf7 30. Be3 b5 31. c5 Bf8 32. cxd6 Bxd6 33. Rc1 e4 34. Nd4 Be5 35. b4 f4 36.
Nxc6 Bb2 37. Nd8+ Ke8 38. Rxc7 fxe3 39. Nc6 e2 0-1

[Event "Late-Titled-Tuesday-Blitz-May-14-2024"]
[Site "Chess.com"]
[Date "2024.05.14"]
[Round "4"]
[White "chesslh93"]
[Black "shirovin"]
[Result "0-1"]
[WhiteElo "2322"]
[BlackElo "2113"]
[TimeControl "180+1"]
[EndTime "14:38:18 PDT"]
[Termination "shirovin won by checkmate"]

1. e4 c5 2. Nf3 d6 3. d4 cxd4 4.
Nxd4 Nf6 5. Nc3 a6 6. Be2 e5 7.
Nb3 Be7 8. O-O O-O 9. Be3 Be6 10. Qd2 Nc6 11. Rfd1 b5 12. Qe1 b4 13. Nd5 a5 14. Bb5 Na7 15. Ba4 Nc8 16. f3 Bxd5 17. exd5 Nb6 18. Bc6 Nc4 19. Bxa8 Nxe3 20. Qxe3 Qxa8 21.
Qb6 a4 22. Nc1 Nxd5 23. Qf2 Nf4 24. Nd3 Ne6 25. Qe2 Nd4 26. Qd2 Rc8 27. Kh1 Rxc2 28. Qxb4 Nxf3 29. Nxe5 Nxe5 30. b3 Qxg2# 0-1